 Dungeon Crawl Stone Soup version 0.29-a0-925-g0a7a3d12f8 (webtiles) character file.

Game seed: 9320589088123111546

4 flotson the Sneak (level 1, -3/18 HPs)
             Began as a Demonspawn Delver on July 30, 2022.
             Slain by a black bear (7 damage)
             ... on level 5 of the Dungeon.
             The game lasted 00:01:51 (74 turns).

flotson the Sneak (Demonspawn Delver)                 Turns: 74, Time: 00:01:52

Health: -3/18      AC:  3    Str: 12    XL:     1   Next: 50%
Magic:  1/1        EV: 11    Int: 11    God:
Gold:   0          SH:  0    Dex: 14    Spells: 0/0 levels left

rFire   . . .      SeeInvis .   a - +0 whip (freeze)
rCold   . . .      Faith    .   (no shield)
rNeg    . . .      Spirit   .   b - +0 leather armour
rPois   .          Reflect  .   (no helmet)
rElec   .          Harm     .   (no cloak)
rCorr   .          Rampage  .   (no gloves)
Will    .....                   (no boots)
Stlth   ++........              (no amulet)
HPRegen 0.06/turn               (no ring)
MPRegen 0.07/turn               (no ring)

@: hasted, very quick
A: no striking features
a: no special abilities


You were on level 5 of the Dungeon.
You visited 1 branch of the dungeon, and saw 1 of its levels.

Inventory:

Hand Weapons
 a - a +0 whip of freezing (weapon)
 i - a +0 spear
Armour
 b - a +0 leather armour (worn)
Wands
 g - a wand of digging (3)
Scrolls
 c - a scroll of fog
Potions
 h - a potion of attraction {unknown}


   Skills:
 + Level 3.0 Fighting
 + Level 0.2(1.1) Axes
 - Level 1.7(1.8) Polearms
 + Level 0.2 Armour
 + Level 1.8 Dodging
 - Level 4.5 Stealth
 + Level 0.2 Evocations


You couldn't memorise any spells.
You didn't know any spells.
Your spell library was empty.

Dungeon Overview and Level Annotations

Branches:
Dungeon (5/15)
 Temple: D:4-7

Altars:

Annotations:
D:5 Dowan


Message History

You hit the orc. You freeze the orc.
The orc is almost dead.
The orc hits you with a +0 whip.
You hit the orc. You freeze the orc.
You kill the orc!
Items here: )) [ †.
You feel yourself speed up.
The howler monkey hoots and howls with incredible vigour!
The howler monkey barely misses you.
You hear an angry hiss.
You hear a shout! x4; You hear an angry hiss.
You hear a shout! x3
As you read the scroll of magic mapping, it crumbles to dust.
You feel aware of your surroundings.
You sensed 4 altars.
The howler monkey hoots and howls with incredible vigour!
You hear a bark!
You hear an angry hiss.
Dowan, Brother of Duvessa comes into view.
He is wielding a +0 dagger and wearing a +2 robe of positive energy.
As you read the scroll of fear, it crumbles to dust.
You assume a fearsome visage.
Dowan looks frightened!
The howler monkey looks frightened!
An adder comes into view.
Items here: )) [ †.
A quokka comes into view. 3 kobolds come into view.
A kobold is wielding a +1 short sword of draining.
The kobold shouts!
A jelly comes into view.
A jelly comes into view.
A kobold brigand comes into view.
It is wielding a +0 short sword and quivering curare-tipped darts.
A kobold comes into view. It is wielding a +0 whip.
Found a stone staircase leading down.
The quokka barely misses you.
Found a stone staircase leading up.
A black bear comes into view.
The quokka bites you.
You see here a +0 robe.
A scorpion comes into view.
The black bear bites you. The black bear barely misses you.
The black bear claws you.
* * * LOW HITPOINT WARNING * * *
The black bear bites you!
You die...

...##,*#..l.#...,,,,*******
...#..*#...?....,,,,,,,,,,*******
#>#..###....#...,,,,*****,,,,,,,,
#..^.K......K...,,,,,,,,,,,,,,,,*
###........J.####,,,,****,,,,,,,*
.....#...#......#*,,,* *********
.#.###...K##.#..##*,,**#*,,,,,,,,
.................###...#*,,,,,,,,
............[Jr.@<......*,,,,,,,,
...............h..##....,,,<,,,,,
#####)####....#.>.....,.,,,,,,,,,
#.# #....#......#,,,,,,,,,,, #.#
#....#.s....#*,,,,,,,,,, #.#
#....##.....#*,*,,,,,,,,
**#.#**#.............,,,,,,,,,,
#.....#............##**,,,,,,,,
#........,,,**,,,,,* ***,,,,,,


You could see a black bear, a scorpion, 2 jellies, a quokka and 2 kobolds.

Vanquished Creatures
  An orc (D:5)
  2 kobolds (D:5)
3 creatures vanquished.

Notes
Turn   | Place    | Note
-------+----------+-------------------------------------------
     0 | D:5      | flotson the Demonspawn Delver began the quest for the Orb.
     0 | D:5      | Reached XP level 1. HP: 18/18 MP: 1/1
    15 | D:5      | Noticed an iguana
    48 | D:5      | Noticed a howler monkey
    57 | D:5      | Noticed Dowan
    65 | D:5      | Noticed a jelly
    66 | D:5      | Noticed a jelly
    66 | D:5      | Noticed a kobold brigand
    68 | D:5      | Noticed a black bear
    71 | D:5      | Noticed a scorpion
    74 | D:5      | Slain by a black bear

Illustrated notes

Levels and vault maps discovered:
D:5:      layout_rooms, minitemple, nzn_wu_jian_council_hall,
          hangedman_abyss_or_decor_passed, uniq_menkaure, uniq_duvessa

Action                   || total
-------------------------++-------
Melee: Spear             ||     5
       Whip              ||     3
  Use: Scroll            ||     2
       Potion            ||     1
Dodge: Dodged            ||     4

Table legend: (Time is in decaauts)
 A = Elapsed time spent in this place.
 B = Non-inter-level travel time spent in this place.
 C = Inter-level travel time spent in this place.
 D = Time resting spent in this place.
 E = Time spent auto-exploring this place.
 F = Levels seen in this place.
 G = Mean time per level.
                   A        B        C        D        E       F      G
               +--------+--------+--------+--------+--------+-----+--------+
         Total |     66 |     66 |      0 |      0 |     17 |   1 |   66.0 |
       Dungeon |     66 |     66 |      0 |      0 |     17 |   1 |   66.0 |
               +--------+--------+--------+--------+--------+-----+--------+

Top non-repeatable levels by time:
     D:5: 66 daAuts
